[Event "42nd Olympiad Baku 2016 Open"]
[Site "Baku"]
[Date "2016.09.02"]
[Round "1.29"]
[White "Yarmonov, Igor"]
[Black "Amewounou, Komlan Kouessan"]
[Result "1-0"]
[ECO "B06"]
[WhiteElo "2398"]
[BlackElo "1798"]
[PlyCount "69"]
[EventDate "2016.??.??"]
[EventCountry "AZE"]
[WhiteTeam "Ukraine"]
[BlackTeam "Togo"]
[WhiteTeamCountry "UKR"]
[BlackTeamCountry "TOG"]
[TimeControl "40/5400+30:1800+30"]
[WhiteClock "0:14:35"]
[BlackClock "0:03:10"]

1. d4 {(00:00} g6 {(00:26} 2. e4 {(00:00} Bg7 {(
02:03} 3. Nf3 {(00:08} d6 {(00:47} 4. Bd3 {(00:08} Nf6
{(00:44} 5. O-O {(01:17} O-O {(00:11} 6. Nbd2 {(
00:44} c5 {(03:53} 7. d5 {(01:37} e5 {(08:26} 8. dxe6
{(00:12} Bxe6 {(00:41} 9. c3 {(00:45} Nc6 {(03:
32} 10. h3 {(02:00} Qc7 {(03:21} 11. Qc2 {(12:58} h6 {
(02:39} 12. Re1 {(03:00} a6 {(00:42} 13. Nf1 {(
00:36} Rfe8 {(05:49} 14. Bf4 {(03:33} Ne5 {(01:35} 15.
Be2 {(07:40} Rad8 {(08:09} 16. Ne3 {(02:02} b5 {
(07:32} 17. a4 {(00:37} Nxf3+ {(10:03} 18. Bxf3 {
(00:06} Bd7 {(00:46} 19. axb5 {(00:14} axb5 {(
01:14} 20. Nf1 {(12:37} Bc6 {(06:39} 21. Ra6 {(05:17}
Qb7 {(11:14} 22. Rea1 {(10:18} Bxe4 {(11:21} 23. Bxe4 {
(01:02} Qxe4 {(00:07} 24. Qxe4 {(00:31} Nxe4 {(
00:50} 25. f3 {(00:49} g5 {(04:11} 26. Bh2 {(11:35}
Nxc3 {(00:15} 27. bxc3 {(00:21} Bxc3 {(00:07} 28. Rb1 {
(00:15} Bd4+ {(01:39} 29. Kh1 {(00:04} Re6 {(01:
08} 30. Bg1 {(01:11} Bxg1 {(00:25} 31. Kxg1 {(00:05}
Rb8 {(01:03} 32. Rc6 {(09:48} c4 {(01:19} 33. Rxc4 {
(00:26} bxc4 {(00:46} 34. Rxb8+ {(00:21} Kg7 {(
00:13} 35. Kf2 {(00:38} 1-0

[Event "42nd Olympiad Baku 2016 Open"]
[Site "Baku"]
[Date "2016.09.02"]
[Round "1.21"]
[White "Yee, Soon Wei"]
[Black "Vakhidov, Jahongir"]
[Result "0-1"]
[ECO "B06"]
[WhiteElo "2293"]
[BlackElo "2583"]
[PlyCount "76"]
[EventDate "2016.??.??"]
[EventCountry "AZE"]
[WhiteTeam "Brunei"]
[BlackTeam "Usbekistan"]
[WhiteTeamCountry "BRN"]
[BlackTeamCountry "UZB"]
[TimeControl "40/5400+30:1800+30"]
[WhiteClock "0:00:47"]
[BlackClock "0:00:39"]

1. e4 {(00:00} g6 {(00:11} 2. d4 {(00:00} Bg7 {(
00:16} 3. Nc3 {(00:56} d6 {(00:24} 4. Be3 {(03:18} c6
{(00:29} 5. Qd2 {(07:21} Nd7 {(01:22} 6. O-O-O {
(05:01} b5 {(04:10} 7. Kb1 {(09:17} b4 {(05:42}
8. Nce2 {(01:37} a5 {(00:37} 9. h4 {(03:16} h5 {
(01:13} 10. Nh3 {(04:11} Nb6 {(00:53} 11. Nc1 {(
01:22} d5 {(01:04} 12. e5 {(10:44} Nh6 {(02:18} 13.
Ng5 {(17:06} f6 {(03:00} 14. Nf3 {(06:19} Nf5 {(
10:18} 15. Bf4 {(01:26} O-O {(01:04} 16. Nb3 {(01:56}
Nc4 {(18:53} 17. Bxc4 {(01:46} dxc4 {(03:35} 18. Nc5 {
(00:12} Qd5 {(00:18} 19. Rhe1 {(05:16} Kh7 {(00:
50} 20. exf6 {(01:06} exf6 {(00:44} 21. Qe2 {(06:29}
Rf7 {(20:07} 22. Qe8 {(02:52} Rf8 {(03:40} 23. Qe2 {
(00:16} Ra7 {(00:31} 24. Ne6 {(01:08} Bxe6 {(10:
20} 25. Qxe6 {(00:06} Rd8 {(00:52} 26. Re5 {(03:10}
Qxe6 {(07:40} 27. Rxe6 {(00:05} Rad7 {(00:10} 28. c3 {
(05:31} c5 {(01:08} 29. Be3 {(01:24} bxc3 {(01:
39} 30. bxc3 {(00:40} Rb8+ {(00:42} 31. Ka1 {(00:27}
cxd4 {(00:31} 32. Bxd4 {(00:57} Nxd4 {(00:13} 33. Nxd4
{(00:30} f5 {(00:47} 34. Rc6 {(00:34} Re8 {(00:
32} 35. Rxc4 {(00:25} Re2 {(00:20} 36. Rf1 {(00:44}
Re4 {(00:46} 37. g3 {(00:22} f4 {(00:31} 38. Nf3 {
(00:23} Rxc4 {(00:31} 0-1

[Event "42nd Olympiad Baku 2016 Open"]
[Site "Baku"]
[Date "2016.09.02"]
[Round "1.30"]
[White "Yilmaz, Mustafa"]
[Black "Arias, Daniel"]
[Result "1-0"]
[ECO "E90"]
[WhiteElo "2616"]
[BlackElo "2285"]
[PlyCount "89"]
[EventDate "2016.??.??"]
[EventCountry "AZE"]
[WhiteTeam "Türkei"]
[BlackTeam "El Salvador"]
[WhiteTeamCountry "TUR"]
[BlackTeamCountry "ESA"]
[TimeControl "40/5400+30:1800+30"]
[WhiteClock "0:29:34"]
[BlackClock "0:32:25"]

1. d4 {(00:00} Nf6 {(00:11} 2. c4 {(00:00} g6 {(
00:06} 3. Nc3 {(00:00} Bg7 {(00:15} 4. e4 {(00:00} d6
{(00:06} 5. Nf3 {(00:02} O-O {(00:42} 6. h3 {(
00:04} e5 {(02:45} 7. d5 {(00:10} Nbd7 {(01:49} 8. Be3
{(04:36} Nc5 {(02:41} 9. Nd2 {(00:22} a5 {(00:
05} 10. g4 {(01:07} c6 {(02:52} 11. Be2 {(00:33} Bd7 {
(12:52} 12. g5 {(01:19} Ne8 {(05:16} 13. h4 {(
00:06} Nc7 {(05:46} 14. Rg1 {(14:46} Rb8 {(08:24} 15.
h5 {(14:26} b5 {(07:29} 16. dxc6 {(11:51} Bxc6 {
(00:07} 17. cxb5 {(01:57} Nxb5 {(00:35} 18. Nxb5 {
(01:32} Bxb5 {(00:07} 19. Bxc5 {(00:21} dxc5 {(
02:02} 20. Bxb5 {(04:19} Rxb5 {(00:06} 21. Nc4 {(01:22]
} Rb4 {(06:40} 22. Qc2 {(03:50} Qd4 {(10:59} 23. Rc1 {
(00:23} f5 {(09:12} 24. a3 {(10:49} Rbb8 {(04:
27} 25. h6 {(04:52} Bh8 {(00:50} 26. Rg3 {(10:48}
Qxe4+ {(03:58} 27. Qxe4 {(00:06} fxe4 {(00:07} 28. Rc2
{(04:05} a4 {(04:51} 29. Re2 {(01:39} Rf3 {(02:
40} 30. Rg4 {(03:11} Rf4 {(01:59} 31. Rxe4 {(00:26}
Rbf8 {(00:02} 32. Rgxf4 {(05:05} exf4 {(00:23} 33. f3 {
(00:51} Bd4 {(00:48} 34. Kd1 {(01:28} Bf2 {(02:
49} 35. Re7 {(00:33} Rf7 {(01:49} 36. Re8+ {(00:00}
Rf8 {(00:08} 37. Re7 {(00:25} Rf7 {(00:05} 38. Re2 {
(00:48} Bh4 {(00:17} 39. Nd6 {(00:25} Bxg5 {(02:
31} 40. Nxf7 {(00:00} Kxf7 {(00:00} 41. Re4 {(00:43}
Bxh6 {(00:13} 42. Rxa4 {(00:06} g5 {(00:09} 43. Ra7+ {
(00:27} Kg6 {(00:05} 44. Ra6+ {(00:06} Kh5 {(00:
17} 45. Rxh6+ {(02:57} 1-0

[Event "42nd Olympiad Baku 2016 Open"]
[Site "Baku"]
[Date "2016.09.02"]
[Round "1.10"]
[White "Yu, Yangyi"]
[Black "Makolli, Perparim"]
[Result "1-0"]
[ECO "B46"]
[WhiteElo "2725"]
[BlackElo "2289"]
[PlyCount "77"]
[EventDate "2016.??.??"]
[EventCountry "AZE"]
[WhiteTeam "China"]
[BlackTeam "Kosovo"]
[WhiteTeamCountry "CHN"]
[BlackTeamCountry "KOS"]
[TimeControl "40/5400+30:1800+30"]
[WhiteClock "0:14:33"]
[BlackClock "0:01:11"]

1. e4 {(00:00} c5 {(00:00} 2. Nf3 {(00:00} Nc6 {
(03:29} 3. Nc3 {(01:15} e6 {(01:25} 4. d4 {(00:
16} cxd4 {(00:05} 5. Nxd4 {(00:06} a6 {(00:12} 6. Nxc6
{(01:46} bxc6 {(01:56} 7. Bd3 {(00:06} e5 {(04:
13} 8. f4 {(15:39} d6 {(05:47} 9. Bc4 {(02:19} Qh4+ {
(06:42} 10. g3 {(01:57} Qe7 {(00:11} 11. Bb3 {(
11:23} Nf6 {(02:54} 12. fxe5 {(01:55} dxe5 {(17:33}
13. Bg5 {(00:35} Qc5 {(00:53} 14. Qd3 {(06:04} Be7 {
(02:32} 15. O-O-O {(01:00} O-O {(01:50} 16. h3 {
(05:20} a5 {(12:42} 17. Kb1 {(00:34} h6 {(05:15]
} 18. Na4 {(05:42} Qb5 {(04:57} 19. Bxf6 {(04:02} Qxd3
{(02:35} 20. Rxd3 {(01:01} gxf6 {(02:33} 21. Nb6 {
(02:37} Ra7 {(01:13} 22. Rc3 {(04:24} Ra6 {(04:
59} 23. Nxc8 {(03:38} Rxc8 {(00:13} 24. Rd1 {(00:12}
Ra7 {(02:29} 25. a3 {(02:56} Kf8 {(03:16} 26. Ka2 {
(00:18} Rac7 {(02:17} 27. Ba4 {(03:55} c5 {(03:
19} 28. Rb3 {(00:52} Bd8 {(01:26} 29. Rb5 {(02:14} Ra7
{(01:15} 30. Rd5 {(02:02} Be7 {(01:14} 31. c3 {(
02:24} Rcc7 {(00:57} 32. Bd1 {(03:30} Rcb7 {(01:27}
33. c4 {(02:25} Rxb5 {(02:25} 34. cxb5 {(00:04} Rb7 {
(00:05} 35. Be2 {(01:21} Ke8 {(00:50} 36. Kb3 {(
00:24} Rd7 {(01:09} 37. Kc4 {(00:10} Kd8 {(00:12} 38.
b6 {(00:19} Bd6 {(01:19} 39. Bg4 {(00:12} 1-0

[Event "42nd Olympiad Baku 2016 Open"]
[Site "Baku"]
[Date "2016.09.02"]
[Round "1.14"]
[White "Zhao, Zong-Yuan"]
[Black "Salim issa ali shamas"]
[Result "1-0"]
[ECO "C88"]
[WhiteElo "2550"]
[BlackElo "1932"]
[PlyCount "111"]
[EventDate "2016.??.??"]
[EventCountry "AZE"]
[WhiteTeam "Australien"]
[BlackTeam "OMA"]
[WhiteTeamCountry "AUS"]
[TimeControl "40/5400+30:1800+30"]
[WhiteClock "0:31:56"]
[BlackClock "1:03:21"]

1. e4 {(00:00} e5 {(00:33} 2. Nf3 {(00:00} Nc6 {
(00:45} 3. Bb5 {(00:00} a6 {(00:25} 4. Ba4 {(00:
00} Nf6 {(00:27} 5. O-O {(00:00} b5 {(00:17} 6. Bb3 {
(00:00} Be7 {(00:15} 7. Re1 {(00:04} d6 {(00:22]
} 8. c3 {(00:05} Na5 {(03:25} 9. Bc2 {(00:04} c5 {
(00:30} 10. d4 {(00:10} Qc7 {(00:27} 11. Nbd2 {(
04:19} cxd4 {(01:00} 12. cxd4 {(00:07} O-O {(00:27}
13. b3 {(09:48} Bd7 {(04:16} 14. Bb2 {(02:29} Nc6 {
(02:36} 15. Rc1 {(00:17} Rac8 {(00:19} 16. d5 {(
08:23} Nb8 {(02:51} 17. Nf1 {(11:59} Rfe8 {(00:29} 18.
h3 {(02:17} Qb6 {(00:40} 19. b4 {(02:30} a5 20. a3 Na6
{(01:41} 21. Qd2 {(00:59} axb4 {(00:50} 22. axb4 {
(00:09} Rc4 {(00:11} 23. Bc3 {(01:01} Rec8 {(01:
00} 24. Bd3 {(00:16} R4c7 {(00:34} 25. Ng3 {(02:08} h6
{(01:13} 26. Qb2 {(02:09} Bf8 {(01:53} 27. Bd2 {
(01:26} Rxc1 {(01:16} 28. Bxc1 {(02:06} Qb7 {(
02:13} 29. Be3 {(01:52} Ne8 {(00:56} 30. Ra1 {(05:26}
Nec7 {(01:17} 31. Nd2 {(01:20} Be7 {(01:38} 32. f4 {
(10:25} exf4 {(00:53} 33. Nh5 {(00:01} f6 {(01:
48} 34. Nxf4 {(00:31} Bd8 {(01:43} 35. Nf3 {(03:32}
Ne8 {(00:39} 36. Nd4 {(05:29} Bb6 {(00:29} 37. Kh2 {
(00:05} Nac7 {(01:34} 38. Re1 {(07:59} Ra8 {(01:
12} 39. Nf5 {(01:20} Qa7 {(02:14} 40. Qf2 {(04:14}
Bxe3 {(01:45} 41. Rxe3 {(00:03} Kf8 {(05:15} 42. Qf3 {
(07:58} Qb6 {(03:48} 43. Ng6+ {(01:04} Kf7 {(04:
10} 44. Nfe7 {(05:00} Ra1 {(02:34} 45. e5 {(00:19}
dxe5 {(03:10} 46. Nxe5+ {(00:17} Kxe7 {(00:38} 47. Nc4+
{(00:06} Qxe3 {(00:39} 48. Qxe3+ {(00:04} Kd8 {(
01:33} 49. Nb6 {(02:24} Nd6 {(03:02} 50. Qc5 {(01:19}
Nce8 {(00:26} 51. Nxd7 {(01:46} Kxd7 {(08:58} 52. Bxb5+
{(00:06} Nxb5 {(01:31} 53. Qxb5+ {(00:04} Ke7 {(
00:19} 54. Qc5+ {(00:16} Kd7 {(00:28} 55. Qc6+ {(00:07]
} Kd8 {(00:35} 56. b5 {(00:11} 1-0

[Event "42nd Olympiad Baku 2016 Women"]
[Site "Baku"]
[Date "2016.09.02"]
[Round "1.27"]
[White "A-ALI, Sali Abbas Abdulzah"]
[Black "Movileanu, Daniela"]
[Result "0-1"]
[ECO "B50"]
[WhiteElo "1728"]
[BlackElo "2268"]
[PlyCount "44"]
[EventDate "2016.??.??"]
[EventCountry "AZE"]
[WhiteTeam "Irak"]
[BlackTeam "Italien"]
[WhiteTeamCountry "IRQ"]
[BlackTeamCountry "ITA"]
[TimeControl "40/5400+30:1800+30"]
[WhiteClock "0:22:02"]
[BlackClock "0:24:33"]

1. e4 {(00:00} c5 {(00:00} 2. Nf3 {(00:00} d6 {(
00:00} 3. d4 {(00:00} Nf6 {(00:39} 4. dxc5 {(03:59}
Nxe4 {(02:12} 5. cxd6 {(01:04} Nc6 {(11:50} 6. dxe7 {
(10:58} Qxd1+ {(05:43} 7. Kxd1 {(00:07} Nxf2+ {(
01:05} 8. Ke1 {(00:36} Nxh1 {(00:30} 9. exf8=Q+ {(00:
11} Rxf8 {(00:04} 10. g3 {(00:26} Bg4 {(06:57} 11. Bg2
{(03:46} O-O-O {(13:15} 12. Bd2 {(02:59} Bxf3 {(
09:29} 13. Bxf3 {(02:11} Nd4 {(01:13} 14. Bd1 {(00:44}
Rd6 {(03:50} 15. c3 {(16:34} Re8+ {(02:56} 16. Kf1 {
(01:09} Rf6+ {(04:40} 17. Kg1 {(19:01} Ne2+ {(
09:30} 18. Bxe2 {(09:07} Rxe2 {(00:05} 19. Bf4 {(01:32]
} Re1+ {(00:29} 20. Kg2 {(00:18} g5 {(01:04} 21. Nd2 {
(04:09} Rxa1 {(00:24} 22. Ne4 {(00:07} Rb6 {(00:
32} 0-1

[Event "42nd Olympiad Baku 2016 Women"]
[Site "Baku"]
[Date "2016.09.02"]
[Round "1.10"]
[White "Abdulla, Khayala"]
[Black "Hoshino, Karen"]
[Result "1-0"]
[ECO "B92"]
[WhiteElo "2214"]
[BlackElo "1802"]
[PlyCount "77"]
[EventDate "2016.??.??"]
[EventCountry "AZE"]
[WhiteTeam "Aserbeidschan"]
[BlackTeam "Japan"]
[WhiteTeamCountry "AZE"]
[BlackTeamCountry "JPN"]
[TimeControl "40/5400+30:1800+30"]
[WhiteClock "0:09:04"]
[BlackClock "0:00:35"]

1. e4 {(00:00} c5 {(00:00} 2. Nf3 {(00:00} d6 {(
00:00} 3. d4 {(00:00} cxd4 {(00:00} 4. Nxd4 {(00:00}
Nf6 {(00:08} 5. Nc3 {(00:04} a6 {(00:12} 6. Be2 {
(02:38} e5 {(00:11} 7. Nb3 {(00:33} Be7 {(00:14]
} 8. Be3 {(00:19} Be6 {(00:16} 9. Nd5 {(00:13} Nxd5 {
(05:25} 10. exd5 {(00:05} Bf5 {(00:37} 11. Qd2 {
(00:30} Nd7 {(02:55} 12. O-O {(04:15} Rc8 {(05:
03} 13. c4 {(00:53} O-O {(00:52} 14. Na5 {(02:11} Rc7
{(06:52} 15. b4 {(02:25} Qc8 {(04:54} 16. c5 {(
02:21} Nf6 {(17:18} 17. c6 {(09:33} bxc6 {(04:25} 18.
Bb6 {(10:07} Ne4 {(13:14} 19. Qb2 {(04:39} cxd5 {
(01:32} 20. Bxc7 {(00:55} Qxc7 {(00:09} 21. Rac1 {
(02:26} Qd7 {(03:22} 22. Bxa6 {(03:42} Bg5 {(03:
13} 23. Rc6 {(06:16} d4 {(03:00} 24. Bd3 {(06:47} Nd2
{(06:02} 25. Bxf5 {(05:50} Qxf5 {(00:09} 26. Rd1 {
(04:08} Qd3 {(05:57} 27. Re1 {(07:02} Bf4 {(06:
28} 28. Qc2 {(04:20} Qxc2 {(02:16} 29. Rxc2 {(00:04}
g6 {(02:05} 30. Nc6 {(06:53} f5 {(04:23} 31. b5 {
(01:33} Ne4 {(01:25} 32. b6 {(04:22} Nc5 {(01:
48} 33. g3 {(02:14} Bh6 {(00:42} 34. Rxc5 {(01:20}
dxc5 {(00:07} 35. b7 {(00:04} d3 {(01:23} 36. Ne7+ {
(00:47} Kf7 {(00:42} 37. Nc8 {(00:10} d2 {(00:
37} 38. Rd1 {(00:18} c4 {(00:29} 39. b8=Q {(00:29} 1-0

[Event "42nd Olympiad Baku 2016 Women"]
[Site "Baku"]
[Date "2016.09.02"]
[Round "1.13"]
[White "Abdumalik, Zhansaya"]
[Black "McDowell, Sharon"]
[Result "1-0"]
[ECO "B91"]
[WhiteElo "2389"]
[BlackElo "1685"]
[PlyCount "64"]
[EventDate "2016.??.??"]
[EventCountry "AZE"]
[WhiteTeam "Kasachstan"]
[BlackTeam "Honduras"]
[WhiteTeamCountry "KAZ"]
[BlackTeamCountry "HON"]
[TimeControl "40/5400+30:1800+30"]
[WhiteClock "1:02:01"]
[BlackClock "0:21:35"]

1. e4 {(00:00} c5 {(00:00} 2. Nf3 {(00:00} d6 {(
00:31} 3. d4 {(01:06} cxd4 {(01:12} 4. Nxd4 {(00:58}
Nf6 {(00:55} 5. Nc3 {(03:10} a6 {(00:25} 6. g3 {
(00:52} e6 {(15:04} 7. Bg2 {(01:56} Be7 {(01:05]
} 8. O-O {(00:53} O-O {(00:06} 9. g4 {(02:40} Nbd7 {
(06:15} 10. f4 {(03:12} Nc5 {(14:15} 11. g5 {(
02:11} Ne8 {(01:01} 12. h4 {(02:33} g6 {(06:05} 13. f5
{(03:20} f6 {(02:25} 14. b4 {(05:09} e5 {(00:18]
} 15. Nde2 {(02:54} Nd7 {(00:25} 16. Nd5 {(01:26} b5 {
(02:12} 17. Nxe7+ {(05:04} Qxe7 {(00:13} 18. Qd5+ {
(00:12} Qf7 {(01:48} 19. Qxa8 {(00:41} Nc7 {(00:
05} 20. Qc6 {(00:38} Qc4 {(06:38} 21. Qxc4+ {(00:14}
bxc4 {(00:16} 22. Be3 {(00:28} Bb7 {(00:30} 23. Rad1 {
(00:25} Nb5 {(01:23} 24. a4 {(00:16} Na3 {(03:
36} 25. Rxd6 {(01:06} Bc8 {(00:06} 26. c3 {(00:19} Kg7
{(00:55} 27. fxg6 {(00:35} hxg6 {(00:04} 28. Bh3 {
(00:07} Rf7 {(14:20} 29. gxf6+ {(01:00} Kh7 {(
00:28} 30. Bxd7 {(00:24} Bxd7 {(00:14} 31. Rxd7 {(00:
05} Rxd7 {(01:05} 32. f7 {(00:05} Kh8 1-0

[Event "42nd Olympiad Baku 2016 Women"]
[Site "Baku"]
[Date "2016.09.02"]
[Round "1.31"]
[White "Adhin, Anviti"]
[Black "Kolaric, Spela"]
[Result "0-1"]
[ECO "A14"]
[WhiteElo "1616"]
[BlackElo "2079"]
[PlyCount "60"]
[EventDate "2016.??.??"]
[EventCountry "AZE"]
[WhiteTeam "Surinam"]
[BlackTeam "Slowenien"]
[WhiteTeamCountry "SUR"]
[BlackTeamCountry "SLO"]
[TimeControl "40/5400+30:1800+30"]
[WhiteClock "0:10:13"]
[BlackClock "1:02:40"]

1. c4 {(00:00} Nf6 {(00:00} 2. g3 {(00:00} e6 {(
00:10} 3. Bg2 {(00:35} d5 {(00:24} 4. Nf3 {(01:00} Be7
{(00:27} 5. O-O {(00:35} O-O {(00:05} 6. d4 {(
00:54} dxc4 {(00:21} 7. Qc2 {(06:20} a6 {(00:47} 8.
Qxc4 {(00:05} b5 {(00:15} 9. Qc2 {(00:32} Bb7 {(
00:40} 10. Nbd2 {(05:50} Nbd7 {(05:43} 11. Nb3 {(05:13]
} Be4 {(02:30} 12. Qd1 {(01:51} Rc8 {(07:29} 13. Bg5 {
(07:45} h6 {(03:06} 14. Bxf6 {(00:23} Bxf6 {(00:
36} 15. Qd2 {(09:58} c5 {(05:06} 16. dxc5 {(03:49}
Nxc5 {(00:59} 17. Nxc5 {(18:58} Rxc5 {(00:14} 18. Rfd1
{(07:39} Qc7 {(03:40} 19. Rac1 {(07:16} Bc2 {(
01:04} 20. Qd6 {(02:27} Bxb2 {(02:00} 21. Rxc2 {(03:47]
} Qxd6 {(01:22} 22. Rxd6 {(00:04} Rxc2 {(00:11} 23. e3
{(01:45} a5 {(00:45} 24. Ra6 {(01:54} Bc3 {(01:
16} 25. Bf1 {(01:00} Rb8 {(00:52} 26. Rc6 {(00:44} b4
{(00:23} 27. Nd4 {(03:31} Rxa2 {(00:44} 28. Ra6 {
(00:31} Bxd4 {(00:25} 29. exd4 {(00:01} b3 {(00:
16} 30. Bc4 {(00:20} Ra1+ 0-1

[Event "42nd Olympiad Baku 2016 Women"]
[Site "Baku"]
[Date "2016.09.02"]
[Round "1.9"]
[White "Al-khelaifi, Aisha"]
[Black "Baciu, Diana"]
[Result "0-1"]
[ECO "C15"]
[WhiteElo "1685"]
[BlackElo "2279"]
[PlyCount "90"]
[EventDate "2016.??.??"]
[EventCountry "AZE"]
[WhiteTeam "Katar"]
[BlackTeam "Moldowa"]
[WhiteTeamCountry "QAT"]
[BlackTeamCountry "MDA"]
[TimeControl "40/5400+30:1800+30"]
[WhiteClock "0:32:04"]
[BlackClock "0:33:17"]

1. e4 {(00:00} e6 {(00:00} 2. d4 {(00:00} d5 {(
00:00} 3. Nc3 {(00:18} Bb4 {(00:46} 4. a3 {(01:48}
Bxc3+ {(00:20} 5. bxc3 {(00:13} dxe4 {(02:36} 6. Qg4 {
(03:26} Nf6 {(01:06} 7. Qxg7 {(04:11} Rg8 {(00:
05} 8. Qh6 {(00:16} c5 {(06:18} 9. Qd2 {(12:48} Nc6 {
(09:24} 10. Ne2 {(04:51} Bd7 {(05:54} 11. Rb1 {(
06:38} Na5 {(08:53} 12. Ng3 {(07:42} Bc6 {(16:32} 13.
dxc5 {(07:16} Qe7 {(11:49} 14. Qd6 {(10:31} Qxd6 {
(05:39} 15. cxd6 {(00:15} Rd8 {(02:41} 16. Bf4 {
(04:51} Nd5 {(01:31} 17. Be5 {(07:11} f6 {(02:
36} 18. Bd4 {(01:01} e5 {(01:02} 19. c4 {(07:04} exd4
{(10:46} 20. cxd5 {(00:30} Ba4 {(00:38} 21. Nxe4 {
(06:54} Kf7 {(00:53} 22. Kd2 {(01:24} Rc8 {(01:
04} 23. Rb2 {(04:31} f5 {(02:43} 24. Ng3 {(01:09} Kf6
{(01:36} 25. Bd3 {(01:14} Nc4+ {(02:43} 26. Bxc4 {
(00:29} Rxc4 {(00:02} 27. Re1 {(01:30} b5 {(02:
17} 28. Re6+ {(01:27} Kg5 {(00:58} 29. Re5 {(01:05}
Rd8 {(01:15} 30. Nxf5 {(01:28} Kf4 {(00:17} 31. Ne7 {
(01:12} Kxe5 {(00:36} 32. Nc6+ {(00:46} Rxc6 {(
00:17} 33. dxc6 {(00:13} Rxd6 {(00:52} 34. c3 {(01:16}
Rxc6 {(00:54} 35. cxd4+ {(00:18} Kxd4 {(00:06} 36. Rb4+
{(00:11} Rc4 {(00:12} 37. g3 {(00:43} Rxb4 {(00:
44} 38. axb4 {(00:06} Kc4 {(00:06} 39. f4 {(00:33}
Kxb4 {(00:07} 40. f5 {(00:00} Bb3 {(00:00} 41. h4 {
(00:28} Bf7 {(01:49} 42. g4 {(00:36} Ka3 {(00:
44} 43. g5 {(00:44} b4 {(00:09} 44. Kc1 {(00:18} Ka2 {
(00:07} 45. f6 {(01:01} b3 {(00:06} 0-1

[Event "42nd Olympiad Baku 2016 Women"]
[Site "Baku"]
[Date "2016.09.02"]
[Round "1.11"]
[White "Al-Khelaifi, Kholoud"]
[Black "Hincu, Olga"]
[Result "0-1"]
[ECO "D35"]
[WhiteElo "1492"]
[BlackElo "2125"]
[PlyCount "68"]
[EventDate "2016.??.??"]
[EventCountry "AZE"]
[WhiteTeam "Katar"]
[BlackTeam "Moldowa"]
[WhiteTeamCountry "QAT"]
[BlackTeamCountry "MDA"]
[TimeControl "40/5400+30:1800+30"]
[WhiteClock "0:00:53"]
[BlackClock "0:07:55"]

1. d4 {(00:00} d5 {(00:00} 2. c4 {(00:00} e6 {(
00:00} 3. Nc3 {(00:01} Nf6 {(00:00} 4. cxd5 {(00:25}
exd5 {(00:00} 5. Bg5 {(00:16} c6 {(00:00} 6. e3 {
(00:38} Nbd7 {(00:00} 7. Bd3 {(00:27} Be7 {(00:
07} 8. Qc2 {(00:27} O-O {(00:05} 9. Nf3 {(00:17} Re8 {
(00:06} 10. O-O {(00:25} Nf8 {(00:06} 11. h3 {(
01:02} g6 {(00:07} 12. Ne5 {(01:39} Ne6 {(03:09} 13.
Bh6 {(15:51} Ng7 {(17:43} 14. g4 {(11:57} Nd7 {(
05:16} 15. f4 {(05:22} Nxe5 {(02:45} 16. fxe5 {(09:35}
Bg5 {(06:44} 17. Bxg5 {(03:38} Qxg5 {(00:06} 18. Qf2 {
(00:16} Be6 {(13:09} 19. e4 {(09:56} h5 {(03:46]
} 20. exd5 {(08:52} cxd5 {(00:13} 21. Qf4 {(03:06} Qh4
{(02:19} 22. gxh5 {(09:24} Qxh5 {(10:59} 23. Rf3 {
(05:32} Rad8 {(05:24} 24. Nb5 {(01:57} g5 {(17:
59} 25. Qf6 {(01:41} Bxh3 {(02:36} 26. Rg3 {(04:42} g4
{(02:31} 27. Nd6 {(00:15} Rf8 {(00:54} 28. Bf5 {
(01:15} Rxd6 {(01:01} 29. Qxd6 {(03:28} Nxf5 {(
00:23} 30. Rxh3 {(01:09} gxh3 {(00:17} 31. Qxd5 {(00:
48} Qg4+ {(00:13} 32. Kf2 {(00:09} Qg3+ {(00:49} 33.
Ke2 {(01:08} Qe3+ {(00:11} 34. Kf1 {(00:29} Ng3# {
(00:07} 0-1

[Event "42nd Olympiad Baku 2016 Women"]
[Site "Baku"]
[Date "2016.09.02"]
[Round "1.25"]
[White "Al-Rufaye, Iman Hasan Mohammed"]
[Black "Zimina, Olga"]
[Result "0-1"]
[ECO "C54"]
[WhiteElo "2001"]
[BlackElo "2389"]
[PlyCount "90"]
[EventDate "2016.??.??"]
[EventCountry "AZE"]
[WhiteTeam "Irak"]
[BlackTeam "Italien"]
[WhiteTeamCountry "IRQ"]
[BlackTeamCountry "ITA"]
[TimeControl "40/5400+30:1800+30"]
[WhiteClock "0:27:58"]
[BlackClock "0:28:50"]

1. e4 {(00:00} e5 {(00:00} 2. Nf3 {(00:00} Nc6 {
(00:00} 3. Bc4 {(00:00} Bc5 {(00:00} 4. c3 {(00:
00} Nf6 {(00:00} 5. d3 {(00:00} O-O {(00:03} 6. O-O {
(02:34} d5 {(00:04} 7. exd5 {(04:06} Nxd5 {(00:
21} 8. Re1 {(01:52} Bg4 {(00:27} 9. Nbd2 {(01:12} Nb6
{(00:30} 10. Ne4 {(10:39} Nxc4 {(01:35} 11. Nxc5 {
(08:02} Nd6 {(00:44} 12. h3 {(07:30} Bh5 {(04:
56} 13. g4 {(12:05} Bg6 {(03:56} 14. Bg5 {(11:15} Qc8
{(01:33} 15. Nh4 {(03:18} f6 {(14:45} 16. Nxg6 {
(01:20} hxg6 {(00:10} 17. Be3 {(06:11} b6 {(01:
18} 18. Qa4 {(04:57} Qe8 {(13:00} 19. Ne4 {(00:32} Rd8
{(01:12} 20. Rad1 {(03:39} Nd4 {(18:38} 21. Qxe8 {
(02:12} Nf3+ {(00:04} 22. Kh1 {(01:48} Rfxe8 {(
03:21} 23. Rf1 {(00:45} g5 {(03:55} 24. a4 {(03:05}
Rd7 {(04:58} 25. Nd2 {(08:15} Nh4 {(07:35} 26. f3 {
(01:48} Red8 {(01:39} 27. d4 {(00:42} exd4 {(03:
31} 28. cxd4 {(00:16} Re7 {(00:45} 29. Rfe1 {(01:11}
Ng6 {(04:50} 30. b3 {(01:59} Rde8 {(05:04} 31. Bf2 {
(00:24} Re2 {(00:23} 32. Ne4 {(03:37} R8xe4 {(
01:09} 33. fxe4 {(00:09} Rxf2 {(00:04} 34. e5 {(00:18}
Ne8 {(00:15} 35. e6 {(01:14} Nh4 {(02:00} 36. Kg1 {
(00:27} Rf3 {(00:41} 37. d5 {(00:33} Rxb3 {(00:
19} 38. Re2 {(00:32} Kf8 {(01:17} 39. Rc1 {(00:26} Rd3
{(00:35} 40. a5 {(00:00} Rxd5 {(00:00} 41. axb6 {
(01:33} axb6 {(02:02} 42. Kf2 {(00:42} Ke7 {(03:
00} 43. Ra1 {(00:10} Ng6 {(01:00} 44. Ra8 {(00:52} Nf4
{(01:23} 45. Re4 {(02:22} Nxh3+ {(00:38} 0-1